 Dungeon Crawl Stone Soup version 0.30-a0-122-g2a1322497e (webtiles) character file.

Game seed: 12331800317394032261

963 snetch the Magician (level 8, -5/52 HPs)
             Began as a Djinni Fire Elementalist on Sept 15, 2022.
             Was a Believer of the Shining One.
             Slain by an orc warrior
             ... wielding a +0 short sword
              (6 damage)
             ... on level 6 of the Dungeon.
             The game lasted 00:19:18 (6826 turns).

snetch the Magician (Djinni Fire Elementalist)      Turns: 6826, Time: 00:19:20

Health: -5/52      AC:  8    Str: 13    XL:     8   Next: 37%
Gold:   291        EV: 11    Int: 19    God:    the Shining One [**....] SH:  0 Dex: 14

rFire   + + .      SeeInvis +    a - +0 quarterstaff
rCold   x . .      Faith    .    (shield currently unavailable)
rNeg    + . .      Spirit   .    i - +0 ring mail
rPois   ∞          Reflect  .    f - +1 helmet
rElec   .          Harm     .    L - +0 cloak
rCorr   .          Rampage  .    (no gloves)
Will    .....                    (boots unavailable)
Stlth   +.........               (no amulet)
HPRegen 0.17/turn                g - ring of see invisible
MPRegen 0.00/turn                H - +6 ring of strength

@: flying, glowing
A: sickness immunity, fire resistance 2, cold vulnerability 1, float, innate
caster, HP casting, extra vitality 1
a: Renounce Religion, Divine Shield


You were on level 6 of the Dungeon.
You worshipped the Shining One.
The Shining One was pleased with you.
You visited 2 branches of the dungeon, and saw 7 of its levels.
You also visited: Sewer.

You collected 291 gold pieces.

Inventory:

Hand Weapons
 a - a +0 quarterstaff (weapon)
 b - a +2 dagger of speed
Missiles
 j - 22 stones
 D - 2 poisoned darts
 K - 2 boomerangs
Armour
 f - a +1 helmet (worn)
 i - a +0 ring mail (worn)
 I - a +0 scale mail
 L - a +0 cloak (worn)
Magical Staves
 G - a staff of fire
Jewellery
 g - a ring of see invisible (left hand)
 n - a ring of fire
 H - a +6 ring of strength (right hand)
Scrolls
 d - 3 scrolls of enchant weapon {unknown}
 k - 6 scrolls of identify {unknown}
 p - 4 scrolls of amnesia {unknown}
 q - a scroll of torment {unknown}
 s - 3 scrolls of fog {unknown}
 u - a scroll of poison {unknown}
 w - 5 scrolls of silence {unknown}
 A - a scroll of immolation {unknown}
 E - 4 scrolls of teleportation
 F - a scroll of fear {unknown}
 J - a scroll of noise {unknown}
 N - a scroll of magic mapping {unknown}
 O - a scroll of vulnerability {unknown}
Potions
 c - a potion of brilliance {unknown}
 e - a potion of attraction {unknown}
 h - 6 potions of curing {unknown}
 l - a potion of invisibility {unknown}
 m - 2 potions of lignification {unknown}
 o - 3 potions of ambrosia {unknown}
 r - 2 potions of heal wounds {unknown}
 v - 5 potions of flight
 x - a potion of cancellation {unknown}
 z - 3 potions of degeneration {unknown}
 B - a potion of mutation {unknown}
 C - a potion of magic {unknown}
 M - a potion of haste {unknown}


   Skills:
 + Level 1.1 Fighting
 + Level 3.1 Armour
 + Level 3.3 Dodging
 + Level 2.7 Stealth
 + Level 0.3 Shields
 + Level 6.2 Spellcasting
 + Level 0.3 Invocations


You had one spell level left.
You knew the following spells:

 Your Spells              Type           Power      Damage    Failure   Level
a - Foxfire               Conj/Fire      100%       2x1d9     1%          1
b - Scorch                Fire           58%        2d7       2%          2
c - Kindle Blastsparks    Fire/Tloc/Air  58%        2d14      5%          3
d - Inner Flame           Hex/Fire       29%        N/A       5%          3
e - Flame Wave            Conj/Fire      29%        2d9       17%         4
f - Slow                  Hex            100%       N/A       1%          1
g - Call Imp              Summ           29%        N/A       2%          2
h - Searing Ray           Conj           58%        2d6       2%          2
Your spell library was empty.

Dungeon Overview and Level Annotations

Branches:
Dungeon (6/15)             Temple (1/1) D:5           Sewer (visited)

Altars:
Ashenzari
Cheibriados
Elyvilon
Fedhas
Gozag
Makhleb
Nemelex Xobeh
Okawaru
Qazlal
Ru
Trog
Uskayaw
Xom
Zin
The Shining One

Annotations:
D:5 2 transporters, Taurus's ghost, amateur MiFi


Innate Abilities, Weirdness & Mutations

You are immune to sickness and miasma.
You are immune to poison.
Your flesh is very heat resistant. (rF++)
You are vulnerable to cold. (rC-)
You float through the air rather than walking.
You learn spells naturally, not from books.
Your magical power is your life essence.
You have superior vitality. (+4 MHP)


Message History

The concussive blast engulfs the orc warrior.
The orc warrior is lightly wounded.
The concussive blast engulfs you. You resist.
* * * LOW HITPOINT WARNING * * *
The concussive blast engulfs the iguana!!
The iguana is burned terribly!
You kill the iguana!
You are knocked back by the blast.
Casting: Kindle Blastsparks (dangerous; 5% risk of failure)
Confirm with . or Enter, or press ? or * to list all spells.
Flames lash the hound.
The hound is heavily wounded.
The hound's fire resistance burns away.
* * * LOW HITPOINT WARNING * * *
Unknown command.
Casting: Scorch (safe; 2% risk of failure)
Confirm with . or Enter, or press ? or * to list all spells.
Aiming: Slow (safe; 1% risk of failure)
Press: ? - help, Shift-Dir - straight line, f - orc warrior
Aim: an orc warrior, wielding a +0 short sword and wearing a +0 chain mail (lightly wounded, haloed, chance to affect: 64%)
The orc warrior struggles to resist.
* * * LOW HITPOINT WARNING * * *
The orc warrior hits you with a +0 short sword!
* * * LOW HITPOINT WARNING * * *
The hound closely misses you.
Okay, then.
Casting: Slow (safe; 1% risk of failure)
Confirm with . or Enter, or press ? or * to list all spells.
Flames lash the hound.
The hound is burned terribly!
You kill the hound!
* * * LOW HITPOINT WARNING * * *
The orc warrior hits you but does no damage.
Casting: Scorch (safe; 2% risk of failure)
Confirm with . or Enter, or press ? or * to list all spells.
Flames lash the orc warrior.
The orc warrior is lightly wounded.
The orc warrior's fire resistance burns away.
* * * LOW HITPOINT WARNING * * *
The orc warrior hits you with a +0 short sword.
You die...

## #.# ..>#..# ..
#.#..... ...
..#......
....######....^...
..................
.....†.@<..# ....
........o..# .....
...........#......
##########))# #))#
.†... ..###.# ...
.# ###. .


You could see an orc warrior (combustible).

Vanquished Creatures
  A sky beast (D:6)
  An ogre (D:5)
  A scorpion (D:5)
  Crazy Yiuf (D:3)
  5 hounds
  4 iguanas
  4 orc wizards
  A merfolk siren (Sewer)
  A merfolk avatar (Sewer)
  10 adders
  9 river rats
  2 worms
  A dart slug (D:4)
  10 orcs
  8 bats
  7 endoplasms
  3 giant cockroaches
  7 goblins
  9 hobgoblins
  7 jackals
  6 kobolds
  3 quokkas
  10 ball pythons
  10 frilled lizards
  33 rats
154 creatures vanquished.

Vanquished Creatures (collateral kills)
  4 foxfires (D:1)
4 creatures vanquished.

Vanquished Creatures (others)
  209 foxfires
209 creatures vanquished.

Grand Total: 367 creatures vanquished

Notes
Turn   | Place    | Note
-------+----------+-------------------------------------------
     0 | D:1      | snetch the Djinni Fire Elementalist began the quest for the
                  | Orb.
     0 | D:1      | snetch set off with the following spells memorised:
                  | Foxfire, Scorch, Kindle Blastsparks, Inner Flame, Flame
                  | Wave.
     0 | D:1      | Reached XP level 1. HP: 15/15 MP: 0/0
   352 | D:1      | Reached XP level 2. HP: 16/21 MP: 0/0
   542 | D:1      | Reached skill level 3 in Spellcasting
   769 | D:2      | Reached XP level 3. HP: 23/25 MP: 0/0
   769 | D:2      | Learned a level 1 spell: Slow
  1076 | D:2      | Found a faded altar of an unknown god.
  1089 | D:2      | Prayed at the altar of an unknown god.
  1089 | D:2      | Became a worshipper of the Shining One
  1089 | D:2      | Reached * piety under the Shining One
  1635 | D:2      | Reached XP level 4. HP: 29/31 MP: 0/0
  2378 | D:3      | Found a bloodstained altar of Trog.
  2577 | D:4      | Reached XP level 5. HP: 28/35 MP: 0/0
  2577 | D:4      | Learned a level 2 spell: Call Imp
  2599 | D:4      | Found a broken altar of Ashenzari.
  2667 | D:4      | Reached skill level 4 in Spellcasting
  2864 | D:4      | Reached XP level 6. HP: 1/40 MP: 0/0
  2865 | D:4      | Reached skill level 1 in Armour
  2906 | D:4      | Found a glowing drain.
  2911 | Sewer    | Entered a sewer
  4317 | D:3      | Reached ** piety under the Shining One
  4320 | D:3      | Reached XP level 7. HP: 34/45 MP: 0/0
  4320 | D:3      | Learned a level 2 spell: Searing Ray
  4460 | D:3      | Found a runed translucent door.
  4461 | D:3      | Noticed Crazy Yiuf
  4467 | D:3      | The Shining One protects you from harm!
  4469 | D:3      | Killed Crazy Yiuf
  5114 | D:5      | Entered Level 5 of the Dungeon
  5122 | D:5      | Reached skill level 5 in Spellcasting
  5788 | D:5      | Found a staircase to the Ecumenical Temple.
  5845 | Temple   | Entered the Ecumenical Temple
  6031 | D:6      | Reached skill level 1 in Fighting
  6190 | D:5      | Found a transporter.
  6192 | D:5      | Noticed Taurus's ghost (amateur MiFi)
  6408 | D:5      | Reached XP level 8. HP: 31/52 MP: 0/0
  6775 | D:5      | Found a transporter.
  6813 | D:6      | Reached skill level 6 in Spellcasting
  6826 | D:6      | Slain by an orc warrior

Illustrated notes

Levels and vault maps discovered:
D:1:      evilmike_arrival_home_sweet_home, layout_basic, minmay_nonomino_d4
D:2:      layout_loops_cross, basic_ecumenical_altar
D:3:      layout_loops_ring, trog_three_pillars_becter, uniq_crazy_yiuf_cottage
D:4:      layout_cave_pools, kennysheep_mini, lemuel_tele_altar,
          nicolae_kikubaaqudgha_miasma_corner, lightli_sewer_entry_pipes,
          corexii_checkpoint_a
D:5:      layout_loops_ring, nzn_hepliaklqana_mist_gate,
          minmay_temple_entry_arrows, gammafunk_ghost_mausoleum,
          grunt_ministairs_3
D:6:      layout_rooms, pdpol_wu_jian_five_deadly_venoms,
          minmay_misc_feat_cross, nicolae_shop_sticking_my_neck_out
Temple:   nicolae_temple_bog_church

Skill      XL: |  1  2  3  4  5  6  7  8 |
---------------+-------------------------+-----
Spellcasting   | 3 4 5 6 |  6.2
Stealth        | 2 |  2.7
Armour         | 2 3 |  3.1
Fighting       | 1 |  1.1
Dodging        | 3 |  3.3
Shields        | |  0.3
Invocations    | |  0.3

Action                   |  1- 3 |  4- 6 |  7- 9 || total
-------------------------+-------+-------+-------++-------
Melee: Dagger            |     8 |       |       ||     8
       Quarterstaff      |       |    56 |       ||    56
Throw: Dart              |       |     3 |       ||     3
 Cast: Foxfire           |    63 |    38 |    33 ||   134
       Scorch            |       |    54 |    28 ||    82
       Flame Wave        |       |     1 |       ||     1
       Kindle Blastspark |       |       |     4 ||     4
       Searing Ray       |       |       |     3 ||     3
       Slow              |       |       |     1 ||     1
Invok: Divine Shield     |       |     2 |       ||     2
Armor: Robe              |     8 |       |       ||     8
       Leather armour    |       |    12 |       ||    12
       Ring mail         |       |       |     6 ||     6
Dodge: Dodged            |    14 |    59 |    13 ||    86
Block: Other             |       |     4 |       ||     4

Table legend: (Time is in decaauts)
 A = Elapsed time spent in this place.
 B = Non-inter-level travel time spent in this place.
 C = Inter-level travel time spent in this place.
 D = Time resting spent in this place.
 E = Time spent auto-exploring this place.
 F = Levels seen in this place.
 G = Mean time per level.
                   A        B        C        D        E       F      G
               +--------+--------+--------+--------+--------+-----+--------+
         Total |   6845 |   6605 |    240 |     79 |   4992 |   8 |  855.6 |
       Dungeon |   5514 |   5295 |    219 |     79 |   3994 |   6 |  919.0 |
        Temple |    161 |    140 |     21 |      0 |    130 |   1 |  161.0 |
         Sewer |   1169 |   1169 |      0 |      0 |    868 |   1 | 1169.0 |
               +--------+--------+--------+--------+--------+-----+--------+

Top non-repeatable levels by time:
     D:1: 1315 daAuts
     D:3: 1313 daAuts
   Sewer: 1169 daAuts
     D:5: 996 daAuts
     D:2: 991 daAuts
     D:4: 850 daAuts
  Temple: 161 daAuts
     D:6: 46 daAuts
